 Dungeon Crawl Stone Soup version 0.28.0-43-g3370ac3207 (webtiles) character file.

Game seed: 5260727576521606632

537 firemarshallily the Shooter (level 7, -1/55 HPs)
             Began as a Demonspawn Chaos Knight on Mar 30, 2022.
             Was a Plaything of Xom.
             Succumbed to an adder's poison
             ... on level 5 of the Dungeon.
             The game lasted 00:31:31 (3258 turns).

firemarshallily the Shooter (DsCK)                  Turns: 3258, Time: 00:31:31

Health: -1/55      AC:  5    Str: 13    XL:     7   Next: 5%
Magic:  8/8        EV: 12    Int: 11    God:    Xom [.*....]
Gold:   220        SH:  0    Dex: 19    Spells: 7/8 levels left

rFire   . . .      SeeInvis .   c - +9 shortbow "Teemep" {speed, rC+ Dex+5}
rCold   + . .      Faith    .   (shield currently unavailable)
rNeg    + . .      Spirit   .   b - +2 leather armour
rPois   .          Reflect  .   (helmet restricted)
rElec   .          Harm     .   (no cloak)
rCorr   .          Rampage  .   (no gloves)
Will    .....      Clarity  +   (no boots)
Stlth   +.........              (no amulet)
HPRegen 0.18/turn               e - ring of flight
MPRegen 0.11/turn               i - ring of positive energy

@: lethally poisoned (-1 -> -6), marked, flying
A: horns 1, yellow scales 1, demonic guardian 2, clarity, deformed body, dopey 1
a: Renounce Religion


You were on level 5 of the Dungeon.
You worshipped Xom.
You were a plaything of Xom.
You visited 1 branch of the dungeon, and saw 5 of its levels.

You collected 220 gold pieces.

Inventory:

Hand Weapons
 a - a +0 hand axe of chaos
 c - the +9 shortbow "Teemep" (weapon) {speed, rC+ Dex+5}
   (You acquired it on level 1 of the Dungeon)

   Attacks with this weapon are significantly faster.
   Dex:       It affects your dexterity (+5).
   rC:        It protects you from cold.
Missiles
 d - 93 stones
 f - 32 arrows (quivered ammo)
 h - 3 boomerangs
 j - a throwing net
 k - 2 silver javelins
Armour
 b - a +2 leather armour (worn)
Jewellery
 e - a ring of flight (left hand)
 i - a ring of positive energy (right hand)
Scrolls
 g - 3 scrolls of teleportation
Potions
 l - a potion of might


   Skills:
 + Level 4.3 Fighting
 + Level 3.2 Axes
 * Level 4.8 Bows
 + Level 0.2 Throwing
 * Level 2.5 Armour
 + Level 1.7 Dodging
 + Level 0.1 Stealth
 + Level 1.0 Spellcasting


You had 7 spell levels left.
You knew the following spells:

 Your Spells              Type           Power      Damage    Failure   Level
a - Summon Small Mammal   Summ           0%         N/A       38%         1

Your spell library contained the following spells:

 Spells                   Type           Power      Damage    Failure   Level
 Call Canine Familiar     Summ           0%         N/A       77%         3
 Summon Guardian Golem    Hex/Summ       0%         N/A       77%         3


Dungeon Overview and Level Annotations

Branches:
Dungeon (5/15)
 Temple: D:4-7

Altars:
Ashenzari
Uskayaw

Shops:
D:4 (

Annotations:
D:3 Natasha


Innate Abilities, Weirdness & Mutations

You have a pair of small horns on your head.
You are partially covered in yellow scales. (AC +2)
A demonic guardian rushes to your aid.
You possess an exceptional clarity of mind.
Armour fits poorly on your strangely shaped body.
You are dopey. (Int -2)


Message History

The hound is almost dead.
The adder bites you.
* * * LOW HITPOINT WARNING * * *
You are lethally poisoned!
The adder poisons you!
An orc comes into view. It is wielding a +0 dagger.
Fire: 34 arrows
Press: ? - help, Q - select action, (/) - cycle Shift-Dir - straight line, f/p - hound
Aim: a hound (65% to hit)
You shoot an arrow. The arrow barely misses the adder.
The arrow hits the hound!
The hound is heavily wounded.
* * * LOW HITPOINT WARNING * * *
You feel sick.
A hound comes into view.
The adder barely misses you. The hound bites you.
* * * LOW HITPOINT WARNING * * *
A demonic guardian appears!
The hound bites you.
* * * LOW HITPOINT WARNING * * *
Fire: 33 arrows
Press: ? - help, Q - select action, (/) - cycle Shift-Dir - straight line, f/p - hound
Aim: a hound (heavily wounded, 65% to hit)
You shoot an arrow. The arrow hits the hound!
You kill the hound!
Your surroundings suddenly seem different.
Found 12 gold pieces and a scroll labelled IMOXTA EPPEMO.
Found a stone staircase leading down.
* * * LOW HITPOINT WARNING * * *
You feel sick.
You have reached level 7!
Your demonic ancestry asserts itself...
Yellow scales grow over part of your body.
Xom is amused.
* * * LOW HITPOINT WARNING * * *
You feel sick.
Unknown command.
* * * LOW HITPOINT WARNING * * *
You feel sick.
You die...
Xom laughs nastily!

#############
#...........#
#...........#
#...........#
#...........#
#....$......#
+.....>.....#
#........@..#
#..........?#
#...........#
#...........#
............#
............#
.###########


There were no monsters in sight!

Vanquished Creatures
  Edmund (D:5)
  A phantom (D:4)
  A hound (D:5)
  A centaur skeleton (D:5)
  Natasha (twice) (D:3)
  2 orc wizards (D:4)
  Robin (D:3)
  4 gnolls (D:4)
  5 adders
  An adder skeleton (D:4)
  4 worms
  12 orcs
  5 ball pythons
  A bat (D:1)
  3 endoplasms
  A giant cockroach (D:2)
  12 goblins
  9 hobgoblins
  3 jackals (D:2)
  4 quokkas
  4 frilled lizards
  6 kobolds
  6 rats
89 creatures vanquished.

Notes
Turn   | Place    | Note
-------+----------+-------------------------------------------
     0 | D:1      | firemarshallily the Demonspawn Chaos Knight began the quest
                  | for the Orb.
     0 | D:1      | Reached XP level 1. HP: 18/18 MP: 1/1
    32 | D:1      | Identified a scroll of acquirement
    32 | D:1      | Acquired the +9 shortbow "Teemep" {speed, rC+ Dex+5}
   138 | D:1      | Gained mutation: You have a pair of small horns on your
                  | head. [demonic ancestry]
   138 | D:1      | Reached XP level 2. HP: 24/24 MP: 2/2
   795 | D:2      | XOM: silly message
   812 | D:2      | Learned a level 1 spell: Summon Small Mammal
   836 | D:2      | Found a faded altar of an unknown god.
   856 | D:2      | XOM is BORED!
   856 | D:2      | Found a broken altar of Ashenzari.
   856 | D:2      | XOM: 9-stop teleportation journey
   895 | D:2      | Reached XP level 3. HP: 29/29 MP: 4/4
   980 | D:2      | XOM: 5-stop teleportation journey
  1307 | D:2      | XOM: noise
  1350 | D:2      | Reached skill level 1 in Spellcasting
  1355 | D:2      | XOM: divination: detect creatures
  1651 | D:3      | Noticed Robin
  1658 | D:3      | Killed Robin
  1659 | D:3      | Gained mutation: A weak demonic guardian rushes to your
                  | aid. [demonic ancestry]
  1659 | D:3      | Reached XP level 4. HP: 34/35 MP: 5/5
  1661 | D:3      | Reached skill level 1 in Bows
  1778 | D:3      | XOM: torment (21/35 hp)
  1996 | D:3      | Gained mutation: You are dopey. (Int -2) [potion of
                  | mutation]
  1996 | D:3      | Gained mutation: Armour fits poorly on your strangely
                  | shaped body. [potion of mutation]
  1996 | D:3      | Gained mutation: You possess an exceptional clarity of
                  | mind. [potion of mutation]
  2024 | D:3      | Noticed Natasha
  2029 | D:3      | Killed Natasha
  2030 | D:3      | Reached skill level 1 in Dodging
  2045 | D:3      | Noticed Natasha
  2053 | D:3      | Killed Natasha
  2062 | D:3      | XOM: summons 3 hostile demons
  2195 | D:3      | Reached XP level 5. HP: 31/41 MP: 6/6
  2256 | D:3      | Noticed Natasha
  2621 | D:4      | Found Vecw's Antique Weapon Boutique.
  2645 | D:4      | Noticed a phantom
  2660 | D:4      | Killed a phantom
  2661 | D:4      | Gained mutation: A demonic guardian rushes to your aid.
                  | [demonic ancestry]
  2661 | D:4      | Reached XP level 6. HP: 42/48 MP: 7/7
  2682 | D:4      | Found a hide-covered altar of Uskayaw.
  2929 | D:4      | XOM: silly message
  3126 | D:4      | XOM: god gift: 37 gold pieces
  3226 | D:5      | Entered Level 5 of the Dungeon
  3235 | D:5      | Noticed Edmund
  3245 | D:5      | Killed Edmund
  3256 | D:5      | Gained mutation: You are partially covered in yellow
                  | scales. (AC +2) [demonic ancestry]
  3256 | D:5      | Reached XP level 7. HP: 4/55 MP: 8/8
  3256 | D:5      | HP: 2/55 [poisoned by an adder]
  3258 | D:5      | Succumbed to an adder's poison

Illustrated notes

Levels and vault maps discovered:
D:1:      dpeg_arrival_simpleton_a, layout_loops_ring
D:2:      layout_basic, shapermc_ecumenical_altar_mp_highgroup, basic_altar,
          chequers_hall_statues_corner_a
D:3:      layout_basic, uniq_robin, uniq_natasha
D:4:      layout_basic, eat_drink_and_be_merry_uskayaw, serial_shops, shop
D:5:      layout_basic, mainiacjoe_overflow_cross_hatched, uniq_edmund

Skill      XL: |  1  2  3  4  5  6 |
---------------+-------------------+-----
Axes           | 3 |  3.2
Armour         | 2 |  2.5
Spellcasting   | 1 |  1.0
Bows           | 2 3 4 |  4.8
Dodging        | 1 |  1.7
Fighting       | 4 |  4.3
Throwing       | |  0.2
Stealth        | |  0.1

Action                   |  1- 3 |  4- 6 |  7- 9 || total
-------------------------+-------+-------+-------++-------
Melee: Hand axe          |    25 |       |       ||    25
 Fire: Shortbow          |    50 |   135 |       ||   185
Throw: Stone             |     8 |       |       ||     8
 Cast: Summon Small Mamm |     1 |     3 |       ||     4
  Use: Scroll            |     5 |     7 |       ||    12
       Potion            |     2 |     5 |       ||     7
Armor: Leather armour    |    12 |     7 |       ||    19
Dodge: Dodged            |    16 |    14 |       ||    30
